Map: White Rabbit LE

Players

swarmy - Winner!

  • Race: Zerg Zerg
  • League: Platinum
  • Spawn Location: 7:00

HoldTheDoor

  • Race: Protoss Protoss
  • League: Diamond
  • Spawn Location: 1:00

VOD

Have the link to the VOD?

Description

Time

  • Played on: May 1, 2026, 10:58 a.m.
  • Length: 4:15
Show
View Real Time Build Order
Export as new Build Order

swarmy Zerg - Winner!

Build Orders: Hatch First 

Get SALT Encoding   

  12  0:00  Drone  
  13  0:16  Overlord  
  13  0:20  Drone  
  14  0:35  Drone  
  14  0:36  Drone  
  16  0:47  Hatchery  
  16  0:50  Drone  
  16  0:59  Drone  
  16  1:02  Drone  
  18  1:14  Extractor  
  18  1:17  Spawning Pool  
  16  1:23  Drone x2  
  18  1:34  Drone  
  19  2:03  Drone x3  
  19  2:06  Queen x2  
  19  2:08  Overlord  
  26  2:16  Roach Warren  
  25  2:26  Overlord  
  25  2:27  Metabolic Boost  
  25  2:29  Overlord  
  25  2:37  Extractor  
  24  2:57  Roach x4  
  32  3:11  Zergling x8  
  36  3:24  Ravager  
  37  3:30  Zergling x2  
  37  3:31  Zergling x8  
  42  3:41  Ravager  
  42  3:44  Ravager  
  44  3:51  Zergling x14  
  51  4:02  Ravager  
Show
View Real Time Build Order
Export as new Build Order

HoldTheDoor Protoss 

Build Orders: 1 Gate Expand 

Get SALT Encoding   

  12  0:00  Probe  
  13  0:12  Probe  
  14  0:18  Pylon  
  14  0:24  Probe  
  15  0:32  Probe  
  15  0:40  Probe, Gateway  
  16  0:47  Assimilator  
  17  0:50  Probe  
  18  1:03  Probe  
  19  1:21  Nexus  
  19  1:30  Cybernetics Core  
  19  1:33  Probe  
  20  1:43  Assimilator  
  20  1:45  Probe  
  21  1:49  Pylon  
  21  1:57  Probe  
  21  1:59  Stalker  
  24  2:09  Probe  
  24  2:11  Warp Gate  
  25  2:21  Probe  
  26  2:27  Adept  
  28  2:33  Probe  
  29  2:37  Gateway, Probe  
  30  2:45  Probe  
  31  2:52  Probe  
  32  3:08  Probe  
  32  3:12  Robotics Facility  
  33  3:14  Gateway  
  33  3:21  Twilight Council  
  33  3:25  Gateway, Probe x2  
  35  3:37  Probe  
  35  3:39  Probe  
  37  3:43  Assimilator  
  37  3:49  Probe  
  37  3:51  Probe  
  39  3:59  Shield Battery  
  39  4:01  Probe  
  40  4:04  Stalker  
  40  4:06  Stalker  
Tags
 
Add a new tag
Caveats
  • Supply blocks, unpowered buildings, or Contaminate may cause inaccurate times.
  • Supply counts are checked every 10 seconds.